 Dungeon Crawl Stone Soup version 0.30-a0-341-g682706514a (webtiles) character file.

Game seed: 10001815925455687733

189422 Muataran the Executioner (level 18, -1/180 HPs)
             Began as a Hill Orc Fighter on Nov 1, 2022.
             Was an Elder of Okawaru.
             Succumbed to a nagaraja's splash of poison
             ... on level 4 of the Snake Pit.
             The game lasted 01:10:10 (35256 turns).

Muataran the Executioner (Hill Orc Fighter)        Turns: 35256, Time: 01:10:11

Health: -1/180     AC: 28    Str: 25    XL:     18   Next: 58%
Magic:  25/29      EV: 13    Int: 10    God:    Okawaru [****..]
Gold:   493        SH:  0    Dex: 10    Spells: 17/17 levels left

rFire   . . .      SeeInvis .    a - +4 executioner's axe (vamp)
rCold   + . .      Faith    .    (shield currently unavailable)
rNeg    . . .      Spirit   .    Z - +4 storm dragon scales {Bai Suzhen}
rPois   .          Reflect  .    (no helmet)
rElec   +          Harm     .    N - +0 cloak
rCorr   .          Rampage  .    b - +0 pair of gloves
Will    +....                    e - +0 pair of boots
Stlth   ..........               (no amulet)
HPRegen 0.50/turn                W - +4 ring of evasion
MPRegen 0.21/turn                U - ring of protection from cold

@: lethally poisoned (-1 -> -9), finesse-ful, studying Long Blades
A: no striking features
a: Renounce Religion, Heroism, Finesse


You were on level 4 of the Snake Pit.
You worshipped Okawaru.
Okawaru was greatly pleased with you.
You visited 5 branches of the dungeon, and saw 27 of its levels.
You visited 1 bazaar.
You also visited: Ossuary and Ice Cave.

You collected 2754 gold pieces.
You spent 2261 gold pieces at shops.

Inventory:

Hand Weapons
 a - a +4 vampiric executioner's axe (weapon)
 X - a +7 antimagic broad axe
Missiles
 M - a throwing net (quivered)
Armour
 b - a +0 pair of gloves (worn)
 c - the +15 Maxwell's patent armour {-Cast -Tele rElec Will+ rCorr}
   (Okawaru gifted it to you on level 15 of the Dungeon)

   rElec:     It insulates you from electricity.
   -Cast:     It prevents spellcasting.
   -Tele:     It prevents most forms of teleportation.
   rCorr:     It protects you from acid and corrosion.
   Will:      It increases your willpower.
 e - a +0 pair of boots (worn)
 N - a +0 cloak (worn)
 Z - +4 storm dragon scales (worn) {Bai Suzhen}
Jewellery
 i - a ring of protection from cold
 p - a +4 ring of protection
 s - a ring of protection from cold
 G - a ring of resist corrosion
 U - a ring of protection from cold (right hand)
 V - a ring of poison resistance
 W - a +4 ring of evasion (left hand)
Wands
 n - a wand of roots (45)
 r - a wand of polymorph (6)
 z - a wand of quicksilver (19)
 J - a wand of digging (12)
 P - a wand of flame (18)
 T - a wand of mindburst (21)
Scrolls
 g - 10 scrolls of identify
 h - 12 scrolls of enchant armour
 l - 3 scrolls of brand weapon
 m - 10 scrolls of teleportation
 w - a scroll of magic mapping
 x - 2 scrolls of blinking
 y - a scroll of enchant weapon
 E - 8 scrolls of immolation
 H - 2 scrolls of fear
 K - a scroll of fog
 Q - 2 scrolls of silence
Potions
 d - 3 potions of might
 f - 6 potions of flight
 j - 6 potions of brilliance
 o - 4 potions of mutation
 q - 5 potions of lignification
 t - 8 potions of curing
 u - 6 potions of attraction
 B - a potion of berserk rage
 C - 4 potions of cancellation
 D - 4 potions of heal wounds
 F - 3 potions of resistance
 L - 10 potions of ambrosia
 O - 3 potions of magic
 R - 2 potions of invisibility
 S - a potion of haste
Miscellaneous
 k - a condenser vane


   Skills:
 + Level 20.4 Fighting
 + Level 23.4 Axes
 + Level 18.8 Armour
 - Level 5.0 Shields
 - Level 15.0 Invocations


You had 17 spell levels left.
You didn't know any spells.
Your spell library contained the following spells:

 Spells                   Type           Power      Damage    Failure   Level
 Kiss of Death            Conj/Necr      0%         2d5       77%         1
 Magic Dart               Conj           0%         1d3       77%         1
 Shock                    Conj/Air       0%         1d3       77%         1
 Blink                    Tloc           0%         N/A       88%         2
 Ensorcelled Hibernation  Hex/Ice        0%         N/A       88%         2
 Momentum Strike          Conj/Tloc      0%         3d8       88%         2
 Passwall                 Tmut/Erth      0%         N/A       88%         2
 Scorch                   Fire           0%         2d5       88%         2
 Confusing Touch          Hex            0%         N/A       98%         3
 Ignite Poison            Fire/Tmut/Pois 0%         N/A       98%         3
 Lesser Beckoning         Tloc           0%         N/A       98%         3
 Mephitic Cloud           Conj/Pois/Air  0%         N/A       98%         3
 Portal Projectile        Hex/Tloc       0%         N/A       98%         3
 Swiftness                Air            0%         N/A       98%         3
 Vhi's Electric Charge    Tloc/Air       0%         N/A       98%         3
 Airstrike                Air            0%         2d(0-16)  100%        4
 Anguish                  Hex/Necr       0%         N/A       100%        4
 Dispel Undead            Necr           0%         3d6       100%        4
 Flame Wave               Conj/Fire      0%         2d4       100%        4
 Leda's Liquefaction      Hex/Erth       0%         N/A       100%        4
 Petrify                  Tmut/Erth      0%         N/A       100%        4
 Sticky Flame             Conj/Fire      0%         2d3       100%        4
 Fireball                 Conj/Fire      0%         3d3       100%        5
 Iskenderun's Battlesphe  Conj           0%         2d6       100%        5
 Metabolic Englaciation   Hex/Ice        0%         N/A       100%        5
 Conjure Ball Lightning   Conj/Air       0%         3x3d6     100%        6
 Statue Form              Tmut/Erth      0%         N/A       100%        6
 Enfeeble                 Hex            0%         N/A       100%        7
 Orb of Destruction       Conj           0%         9d5       100%        7
 Ignition                 Fire           0%         3d3       100%        8
 Call Imp                 Summ           Unusable   N/A       N/A         2
 Call Canine Familiar     Summ           Unusable   N/A       N/A         3
 Summon Ice Beast         Ice/Summ       Unusable   N/A       N/A         4
 Summon Cactus Giant      Summ           Unusable   N/A       N/A         6

Dungeon Overview and Level Annotations

Branches:
Dungeon (15/15)            Temple (1/1) D:7            Lair (5/5) D:9
 Shoals (0/4) Lair:2        Snake (4/4) Lair:3        Slime (0/5) Lair:4
    Orc (2/2) D:10            Elf (0/3) Orc:2        Vaults (0/5) D:14
 Depths (0/4) D:15        Ossuary (visited)           IceCv (visited)

Altars:
Ashenzari
Cheibriados
Dithmenos
Elyvilon
Fedhas
Gozag
Hepliaklqana
Kikubaaqudgha
Makhleb
Nemelex Xobeh
Okawaru
Qazlal
Ru
Sif Muna
Trog
Uskayaw
Vehumet
Wu Jian
Xom
Yredelemnul
Zin
The Shining One
Beogh
Jiyva

Shops:
Orc:2 =!(*

Portals:
Pandemonium: Orc:2

Annotations:
D:7 3 runed translucent doors, petzl's ghost, weakling FoDe
D:11 2 transporters, jejorda2's ghost, journeyman MfBe
Lair:4 1 runed translucent door


Message History

You are more poisoned.
The guardian serpent coils itself and waves its upper body at you.
You easily resist.
You close the large door.
You feel sick.
Okay, then.
You feel sick.
You feel sick.
You feel sick.
You feel sick.
You feel sick.
You feel like a meek peon again.
You feel sick.
You feel sick.
Something unseen opens the large door.
You feel sick.
You are no longer poisoned.
The guardian serpent coils itself and waves its upper body at you.
The black mamba blinks into view!
The naga mage blinks into view!
The naga sharpshooter blinks into view!
The mana viper blinks into view!
The salamander mystic blinks into view!
The nagaraja blinks into view! x2
You miss the mana viper. You slash the naga mage!
You slice the naga sharpshooter!!
You feel better.
You miss the anaconda. You slash the nagaraja!
You feel better.
You slash the salamander mystic!
You feel better.
You slice the nagaraja!!
You feel better.
You barely miss the black mamba. The anaconda misses you. x2
The nagaraja spits poison at you. The splash of poison hits you!
You are poisoned.
* * * LOW HITPOINT WARNING * * *
The salamander mystic hits you but does no damage.
The naga mage points at the nagaraja and mumbles some strange words.
The nagaraja seems to grow toxic.
The naga sharpshooter unwields a +0 war axe.
The naga sharpshooter wields a +0 shortbow.
The naga sharpshooter shoots an arrow.
The arrow hits you.
* * * LOW HITPOINT WARNING * * *
The mana viper misses you.
Blink to where?
Press: ? - help, Dir - move target
As you read the scroll of blinking, it crumbles to dust.
You die...

..##...##.........# ###.#
....[.##..........#######...#
#.)..##.....................##
##''##.............#+##'##...#
....S..............#.....#...#
..##.....NNS.......'....##...#
.........S§S.......##....#..##
....[....NNN....!..###...#.####
..)#####.###..##@#.#.....#.#..#
...# ### ####..#.#....##....#
...## #.##.##...#.....# ....#
#.##.#....##....# ...##
#..#.#..##.#..### ...#
#..#.#######..# ...#
#..#..........# ...#
##<#..........## ...#####
###...........#


You could see 2 nagarajas, a naga sharpshooter, a salamander mystic, an
anaconda, a mana viper, a black mamba and a naga mage.

Vanquished Creatures
  Saint Roka (Snake:3)
  Bai Suzhen (Snake:3)
  A shard shrike (IceCv)
  Rupert (Lair:5)
  Asterion (Snake:2)
  Frances (Snake:2)
  Roxanne (D:15)
  Agnes (Snake:4)
  A nagaraja (Snake:4)
  Aizul (Snake:1)
  A white draconian (IceCv)
  A fire dragon (Lair:5)
  An ice dragon (IceCv)
  3 salamander tyrants
  10 hydras
  4 ironbound frosthearts (IceCv)
  7 anacondas
  2 death knights
  A demonspawn (Orc:2)
  4 centaur warriors
  2 two-headed ogres
  The ghost of Keluf the Fighter, a journeyman GrFi of the Shining One (D:15)
  3 dancing weapons
  5 boulder beetles
  2 naga warriors
  2 catoblepae
  4 tengu warriors
  9 death yaks
  8 shock serpents
  5 orc high priests (Orc:2)
  8 naga sharpshooters
  8 skeletal warriors (D:14)
  5 salamander mystics
  An orange crystal statue (IceCv)
  2 deep elf pyromancers
  A lindwurm (Lair:5)
  Pikel (D:4)
  2 naga ritualists
  2 deep elf zephyrmancers (D:15)
  10 orc knights
  A necromancer (D:15)
  4 cyclopes
  28 ugly things
  8 orc sorcerers
  11 salamanders
  9 mana vipers
  2 manticores
  Maurice (Orc:1)
  2 guardian serpents
  26 black mambas
  2 merfolk sirens (Lair:2)
  2 rust devils (Orc:2)
  2 torpor snails
  A gargoyle (D:13)
  An unseen horror (D:10)
  2 molten gargoyles (Lair:5)
  12 naga magi
  8 cane toads
  2 unseen horror zombies (D:8)
  A freezing wraith (D:15)
  18 rime drakes
  2 kobold demonologists (D:10)
  10 komodo dragons
  A redback zombie (D:15)
  An ice devil (Orc:2)
  A tengu conjurer (D:15)
  2 red devils (Orc:2)
  A queen bee (Lair:2)
  21 polar bears
  A merfolk (Lair:2)
  13 trolls
  Prince Ribbit (D:9)
  20 blink frogs
  A meliai zombie (D:15)
  22 slime creatures
  9 dream sheep
  3 shadows
  4 wraiths
  9 wyverns
  44 yaks
  6 basilisks
  6 wargs
  4 steam dragons
  Menkaure (D:5)
  26 nagas
  Duvessa (D:6)
  4 hell hounds (Lair:5)
  An acid dragon (D:9)
  11 water moccasins
  A sky beast (D:6)
  A hornet zombie (D:8)
  44 orc warriors
  4 black bears
  6 ogres
  A lemure (D:4)
  6 wolves (Lair:2)
  10 centaurs
  4 kobold brigands
  5 bullfrogs
  A gnoll sergeant (D:7)
  5 scorpions
  2 wyvern zombies (D:8)
  Dowan (D:6)
  28 wights
  34 killer bees
  4 electric eels
  3 howler monkeys (D:9)
  6 centaur zombies
  5 lava snakes (Lair:5)
  3 hounds
  2 gnoll boudas (D:7)
  35 orc priests
  A jelly (D:4)
  Terence (D:2)
  2 iguanas
  20 orc wizards
  4 hell rats (Lair:1)
  A killer bee zombie (D:8)
  3 howler monkey zombies (D:8)
  A mummy (Ossuary)
  10 gnolls
  5 adders
  2 white imps (D:7)
  A worm (D:4)
  2 dart slugs
  103 orcs
  10 ball pythons
  6 endoplasms
  2 giant cockroaches
  5 goblins
  5 hobgoblins
  9 jackals
  4 quokkas
  6 bats
  2 frilled lizards (D:1)
  6 gnoll skeletons (Ossuary)
  20 kobolds
  6 kobold skeletons (Ossuary)
  13 orc skeletons (Ossuary)
  4 rats
  A butterfly (D:10)
960 creatures vanquished.

Vanquished Creatures (others)
  A guardian serpent (Snake:1)
  A bush (Lair:5)
  63 fungi
  53 plants
  10 toadstools (Lair:4)
  8 withered plants (D:8)
136 creatures vanquished.

Grand Total: 1096 creatures vanquished

Notes
Turn   | Place    | Note
-------+----------+-------------------------------------------
     0 | D:1      | Muataran the Hill Orc Fighter began the quest for the Orb.
     0 | D:1      | Reached XP level 1. HP: 19/19 MP: 1/1
    58 | D:1      | Reached skill level 3 in Axes
    81 | D:1      | Reached XP level 2. HP: 27/27 MP: 2/2
   294 | D:2      | Reached XP level 3. HP: 33/33 MP: 3/3
   336 | D:2      | Found a snail-covered altar of Cheibriados.
   544 | D:3      | Noticed Terence
   565 | D:2      | Killed Terence
   566 | D:2      | Reached skill level 4 in Axes
   566 | D:2      | Reached XP level 4. HP: 27/40 MP: 4/4
   723 | D:3      | Found a radiant altar of Vehumet.
  1432 | D:4      | Reached XP level 5. HP: 42/47 MP: 5/5
  2175 | D:5      | Entered Level 5 of the Dungeon
  2200 | D:5      | Reached skill level 5 in Axes
  2307 | D:5      | Reached XP level 6. HP: 46/55 MP: 6/6
  2507 | D:5      | Reached skill level 5 in Fighting
  2507 | D:5      | Reached skill level 6 in Axes
  2515 | D:5      | Reached XP level 7. HP: 50/61 MP: 7/7
  2752 | D:5      | Noticed Menkaure
  2753 | D:5      | Noticed Pikel
  2788 | D:4      | Killed Pikel
  2789 | D:4      | Reached skill level 8 in Axes
  2789 | D:4      | Reached skill level 5 in Armour
  2789 | D:4      | Reached skill level 5 in Shields
  2789 | D:4      | Reached XP level 8. HP: 66/70 MP: 8/8
  2806 | D:5      | Killed Menkaure
  2941 | D:5      | Found a shimmering blue altar of Sif Muna.
  2983 | D:5      | Reached skill level 9 in Axes
  3051 | D:6      | Noticed Duvessa
  3058 | D:6      | Noticed Dowan
  3064 | D:6      | Killed Duvessa
  3073 | D:6      | Killed Dowan
  3223 | D:6      | Reached skill level 10 in Axes
  3291 | D:6      | Found a sacrificial altar of Ru.
  3552 | D:6      | Found a sand-covered staircase.
  3557 | Ossuary  | Entered an ossuary
  3557 | Ossuary  | Noticed a wraith
  3557 | Ossuary  | Noticed a wraith
  3557 | Ossuary  | Noticed a wraith
  3617 | Ossuary  | Noticed a wraith
  3650 | Ossuary  | Killed a wraith
  3651 | Ossuary  | Reached XP level 9. HP: 59/79 MP: 9/9
  4252 | D:7      | Reached skill level 11 in Axes
  4413 | D:7      | Found a runed translucent gate.
  4413 | D:7      | Found a runed translucent gate.
  4414 | D:7      | Found a runed translucent gate.
  4571 | D:7      | Noticed a manticore
  4605 | D:7      | Noticed petzl's ghost (weakling FoDe)
  4632 | D:7      | Found a staircase to the Ecumenical Temple.
  4683 | Temple   | Entered the Ecumenical Temple
  5202 | D:7      | Reached skill level 12 in Axes
  5533 | D:8      | Noticed a tengu warrior
  5635 | D:7      | Killed a tengu warrior
  5636 | D:7      | Reached skill level 13 in Axes
  5636 | D:7      | Reached XP level 10. HP: 64/91 MP: 10/10
  5739 | Temple   | Became a worshipper of Warmaster Okawaru
  5891 | D:8      | Found the +18 Lear's hauberk
  6116 | D:8      | Reached skill level 1 in Invocations
  6348 | D:8      | Reached * piety under Okawaru
  6583 | D:8      | Reached ** piety under Okawaru
  6588 | D:8      | Reached skill level 14 in Axes
  6756 | D:8      | Found an ornate altar of the Wu Jian Council.
  6798 | D:9      | Noticed a death yak
  6798 | D:9      | Noticed a death yak
  6798 | D:9      | Found a staircase to the Lair.
  6813 | D:8      | Killed a death yak
  6957 | D:9      | Noticed a death yak
  6957 | D:9      | Noticed a death yak
  6957 | D:9      | Noticed a death yak
  6977 | D:8      | Killed a death yak
  6977 | D:8      | Reached *** piety under Okawaru
  6978 | D:8      | Reached skill level 10 in Fighting
  6978 | D:8      | Reached XP level 11. HP: 38/99 MP: 14/14
  7163 | D:8      | Killed a death yak
  7164 | D:8      | Reached skill level 5 in Invocations
  7224 | D:8      | Killed a death yak
  7224 | D:8      | Killed a death yak
  7225 | D:8      | Reached skill level 15 in Axes
  7446 | D:8      | Reached **** piety under Okawaru
  7983 | D:9      | Noticed a centaur warrior
  8015 | D:9      | Killed a centaur warrior
  8016 | D:9      | Reached skill level 10 in Armour
  8022 | D:9      | Reached ***** piety under Okawaru
  8035 | D:9      | Reached skill level 16 in Axes
  8060 | D:9      | Identified the +1 ring mail "Cinih" {Harm rElec Will+
                  | Int-4}
  8073 | D:9      | Identified the +2 buckler "Peufyv" {Str+5 Dex-3}
  8337 | D:9      | Noticed Prince Ribbit
  8348 | D:9      | Killed Prince Ribbit
  8537 | D:9      | Found a bloodstained altar of Trog.
  8537 | D:9      | Found a stormy altar of Qazlal.
  8795 | D:10     | Entered Level 10 of the Dungeon
  8842 | D:10     | Reached XP level 12. HP: 110/110 MP: 17/17
  8852 | D:10     | Received a gift from Okawaru
  8910 | D:10     | Found a basalt altar of Yredelemnul.
  9097 | D:10     | Found a shimmering altar of Xom.
  9734 | D:10     | Found a staircase to the Orcish Mines.
  9743 | D:10     | Found a roughly hewn altar of Beogh.
  9962 | D:11     | Reached skill level 17 in Axes
  9978 | D:11     | Noticed a boulder beetle
  9985 | D:11     | Killed a boulder beetle
 10324 | D:11     | Noticed jejorda2's ghost (journeyman MfBe)
 10357 | D:11     | Found a transporter.
 10391 | D:11     | Found a transporter.
 10615 | D:11     | Noticed a two-headed ogre
 10622 | D:11     | Killed a two-headed ogre
 10905 | Lair:1   | Entered Level 1 of the Lair of Beasts
 12280 | Lair:2   | Reached skill level 18 in Axes
 12298 | Lair:2   | Reached XP level 13. HP: 89/119 MP: 20/20
 12419 | Lair:2   | Reached ****** piety under Okawaru
 12537 | Lair:2   | Reached skill level 10 in Invocations
 12981 | Lair:2   | Identified the +7 flail of Obsession {distort, rF+ Str+2
                  | Dex+6}
 12989 | Lair:2   | Identified the +9 glaive "Casch" {antimagic, *Rage Int+7}
 13295 | Lair:2   | Found a staircase to the Shoals.
 13640 | Lair:3   | Received a gift from Okawaru
 14113 | Lair:3   | Found a staircase to the Snake Pit.
 14419 | Lair:3   | Received a gift from Okawaru
 15564 | Lair:4   | Found a staircase to the Slime Pits.
 15564 | Lair:4   | Found a viscous altar of Jiyva.
 15883 | Lair:4   | Noticed a dire elephant
 15905 | Lair:4   | Found a runed translucent door.
 16486 | Lair:4   | Reached XP level 14. HP: 133/133 MP: 23/23
 17125 | Lair:5   | Entered Level 5 of the Lair of Beasts
 17343 | Lair:5   | Received a gift from Okawaru
 17606 | Lair:5   | Reached skill level 15 in Fighting
 17606 | Lair:5   | Reached XP level 15. HP: 141/141 MP: 23/25
 17625 | Lair:5   | Got the Anthology of the Algid Jaunt
 18341 | Lair:5   | Found a large runed translucent door.
 18342 | Lair:5   | Found a large runed translucent door.
 18548 | Lair:5   | Noticed Rupert
 18572 | Lair:5   | Killed Rupert
 18895 | Lair:5   | Identified the +6 great sword of Nuef {protect, rF+ rC+
                  | rN+++}
 19365 | Lair:5   | Received a gift from Okawaru
 20124 | D:12     | Reached skill level 19 in Axes
 22271 | D:13     | Identified the +4 ring mail of Tiamous {rF+} (Okawaru
                  | gifted it to you on level 13 of the Dungeon)
 22271 | D:13     | Received a gift from Okawaru
 22818 | D:14     | Found a gate to the Vaults.
 22847 | D:14     | Reached skill level 15 in Invocations
 22856 | D:14     | Reached skill level 15 in Armour
 23167 | D:14     | Reached XP level 16. HP: 132/152 MP: 27/27
 23362 | D:14     | Found a roughly hewn altar of Beogh.
 24035 | D:14     | Reached skill level 20 in Axes
 24770 | D:15     | Entered Level 15 of the Dungeon
 25099 | D:15     | Received a gift from Okawaru
 25099 | D:15     | Found the +15 Maxwell's patent armour {-Cast -Tele rElec
                  | Will+ rCorr}
 25129 | D:15     | Found a staircase to the Depths.
 25355 | D:15     | Noticed Roxanne
 25372 | D:15     | Killed Roxanne
 25612 | D:15     | Found a runed translucent door.
 25612 | D:15     | Found a shimmering altar of Xom.
 25612 | D:15     | Identified the +6 demon trident of Yfuotered {chaos, Dex+4}
 25612 | D:15     | Noticed Keluf's ghost (journeyman GrFi)
 25720 | D:15     | Found a hazy altar of Hepliaklqana.
 25828 | D:15     | Killed Keluf's ghost
 26257 | Orc:1    | Entered Level 1 of the Orcish Mines
 26370 | Orc:2    | Entered Level 2 of the Orcish Mines
 26493 | Orc:2    | Found Hoelyod's Distillery.
 26495 | Orc:2    | Found Terhou's General Store.
 26695 | Orc:2    | Bought a potion of heal wounds for 70 gold pieces
 26695 | Orc:2    | Bought a potion of heal wounds for 70 gold pieces
 26695 | Orc:2    | Bought 2 potions of curing for 84 gold pieces
 26695 | Orc:2    | Bought a potion of invisibility for 112 gold pieces
 26697 | Orc:2    | Bought a potion of curing for 36 gold pieces
 26718 | Orc:2    | Reached skill level 21 in Axes
 26831 | Orc:2    | Found a staircase to the Elven Halls.
 26920 | Orc:2    | Found a roughly hewn altar of Beogh.
 27045 | Orc:2    | Reached XP level 17. HP: 62/163 MP: 22/28
 27124 | Orc:2    | Found Safarig's Jewellery Shop.
 27124 | Orc:2    | Found Waiwaxet's Antique Weapon Boutique.
 27124 | Orc:2    | Found a one-way gate leading to the halls of Pandemonium.
 27350 | Orc:1    | Found a roughly hewn altar of Beogh.
 27381 | Orc:1    | Noticed Maurice
 27396 | Orc:1    | Killed Maurice
 27661 | Orc:2    | Bought a ring of protection from cold for 325 gold pieces
 27661 | Orc:2    | Bought a ring of poison resistance for 260 gold pieces
 27661 | Orc:2    | Bought a +4 ring of evasion for 468 gold pieces
 27823 | Snake:1  | Entered Level 1 of the Snake Pit
 27858 | Snake:1  | Found a frozen archway.
 27866 | IceCv    | Entered an ice cave
 27884 | IceCv    | Received a gift from Okawaru
 28224 | IceCv    | Identified the +5 steam dragon scales of Least Resistance
                  | {Dex+4} (Okawaru gifted it to you in an ice cave)
 28224 | IceCv    | Received a gift from Okawaru
 28475 | IceCv    | Noticed a shard shrike
 28483 | IceCv    | Killed a shard shrike
 28484 | IceCv    | Reached skill level 22 in Axes
 28806 | Snake:1  | Found a flickering gateway to a bazaar.
 28811 | Bazaar   | Entered a bazaar
 28811 | Bazaar   | Found Biusy's Magic Scroll Emporium.
 28819 | Bazaar   | Found Weugef's Jewellery Emporium.
 28828 | Bazaar   | Found Doh Etile's Magic Scroll Shop.
 28866 | Bazaar   | Found Quud's Armour Boutique.
 28909 | Bazaar   | Bought a scroll of blinking for 127 gold pieces
 28909 | Bazaar   | Bought a scroll of blinking for 127 gold pieces
 28909 | Bazaar   | Bought 3 scrolls of teleportation for 153 gold pieces
 28909 | Bazaar   | Bought a scroll of magic mapping for 127 gold pieces
 28926 | Bazaar   | Bought a scroll of enchant armour for 97 gold pieces
 28926 | Bazaar   | Bought a scroll of teleportation for 39 gold pieces
 28926 | Bazaar   | Bought a scroll of teleportation for 39 gold pieces
 28943 | Bazaar   | Bought a scroll of enchant weapon for 127 gold pieces
 29264 | Snake:1  | Noticed Aizul
 29278 | Snake:1  | Killed Aizul
 30345 | Snake:2  | Noticed Asterion
 30368 | Snake:2  | Killed Asterion
 30826 | Snake:2  | Noticed Frances
 30840 | Snake:2  | Killed Frances
 31449 | Snake:2  | Reached XP level 18. HP: 166/177 MP: 29/29
 32024 | Snake:3  | Noticed Bai Suzhen
 32042 | Snake:3  | Killed Bai Suzhen
 32042 | Snake:3  | Identified the +2 hat of Evvoz {rF+} (Okawaru gifted it to
                  | you on level 3 of the Snake Pit)
 32042 | Snake:3  | Received a gift from Okawaru
 32143 | Snake:3  | Identified the +6 flail "Eklaran" {flame, rF+ rN+ Stlth+}
 32154 | Snake:3  | Noticed Saint Roka
 32177 | Snake:3  | Killed Saint Roka
 32364 | Snake:3  | Found an iron altar of Okawaru.
 33498 | Snake:2  | Reached skill level 23 in Axes
 33785 | Snake:4  | Entered Level 4 of the Snake Pit
 35189 | Snake:4  | Noticed Agnes
 35203 | Snake:4  | Killed Agnes
 35215 | Arena    | Entered the Arena
 35246 | Snake:4  | HP: 9/180 [poisoned by a naga ritualist (toxic radiance)]
 35251 | Snake:4  | HP: 4/180 [poisoned by a naga ritualist (toxic radiance)]
 35255 | Snake:4  | HP: 1/180 [naga sharpshooter/arrow (3)]
 35256 | Snake:4  | Succumbed to a nagaraja's splash of poison

Illustrated notes

Levels and vault maps discovered:
D:1:      nagdon_arrival_zigzag_paths, layout_basic, basic_ecumenical_altar,
          minmay_lizard_pond
D:2:      minmay_door_path, layout_loops_ring, basic_altar,
          minmay_stone_trees_small, lexackson_kobold_supper, uniq_robin
D:3:      kennysheep_big_flooded_room, layout_basic, vehumet_crystals,
          uniq_terence
D:4:      layout_basic, hangedman_decor_push, nrook_loot_triangle,
          hangedman_decor_slide_cut
D:5:      layout_rooms, nicolae_sif_muna_little_library, uniq_menkaure,
          uniq_pikel
D:6:      layout_basic, nicolae_ru_awakened_eye, nicolae_ossuary_entry_ruins,
          chequers_garden, uniq_duvessa
D:7:      layout_loops_ring, minmay_temple_entry_stoned_glass,
          gammafunk_ghost_split, kennysheep_path_1
D:8:      layout_rooms, pdpol_wu_jian_five_deadly_venoms, serial_undead,
          serial_undead_c, serial_undead_a, serial_undead_b, serial_undead_e,
          serial_undead_b, serial_undead_d, serial_undead_d, serial_undead_a,
          dreamdust_mushroom_princess, hellmonk_guarded_unrand_lears
D:9:      layout_loops_ring, gammafunk_temple_overflow_elements,
          dpeg_lair_monsters, grunt_potential, uniq_prince_ribbit1
D:10:     layout_basic, nicolae_overflow_crystal_walls, xom_butterflies,
          minmay_orc_entry_temple_small
D:11:     layout_basic, gammafunk_ghost_berserking_beasts
D:12:     layout_layer_cave
D:13:     layout_basic, amethyst_killhole, hangedman_decor_lopped,
          hangedman_ranch
D:14:     layout_roguey [special_room_orc], erik_vaults_1, kennysheep_donut
D:15:     grunt_enter_depths_magical_seal, layout_basic,
          nzn_hepliaklqana_mist_gate, ebering_ghost_xom, kennysheep_crisscross,
          uniq_roxanne
Temple:   zaba_magenta_temple
Lair:1:   layout_loops_ring, serial_bayou_shore_a
Lair:2:   layout_roguey [special_room_bee], elwin_shoals_entry_rooms,
          beast_lair_carwin_1
Lair:3:   layout_layer_cave, minmay_snake_entry_guardpost_small,
          grunt_forest_small_clearings
Lair:4:   gammafunk_lair_enchanted_lake, layout_layer_cave, slime_entry_1
Lair:5:   cheibrodos_lair_end_hotspot, layout_layer_cave, uniq_rupert
Snake:1:  layout_layer_cave, serial_shops, bzr_entry_road,
          portal_ice_cave_entry_pillars_1, grunt_ministairs_6,
          hangedman_snake_corridor_cut, uniq_aizul
Snake:2:  layout_chambers, uniq_asterion, uniq_frances
Snake:3:  layout_layer_cave, basic_altar, uniq_saint_roka, uniq_bai_suzhen
Snake:4:  johnstein_snake_rune_scales, layout_cave_town,
          nicolae_snake_gridmaze_big_u, uniq_agnes
Orc:1:    layout_caves, basic_altar, uniq_maurice
Orc:2:    pf_orc_diabolical, layout_caves, basic_altar

Skill      XL: |  1  2  3  4  5  6  7  8  9 10 11 12 13 14 15 16 17 18 |
---------------+-------------------------------------------------------+-----
Axes           | 3 4 5 6 8 10 13 14 16 18 19 21 22 23 | 23.4
Fighting       | 4 5 6 7 9 10 11 12 14 15 16 18 19 20 | 20.4
Armour         | 4 5 6 8 9 10 11 13 15 16 18 | 18.8
Shields        | 4 5 |  5.0
Invocations    | 4 7 9 12 13 15 | 15.0

Action                   |  1- 3 |  4- 6 |  7- 9 | 10-12 | 13-15 | 16-18 || total
-------------------------+-------+-------+-------+-------+-------+-------++-------
Melee: War axe           |    84 |   175 |   347 |       |       |       ||   606
       Broad axe         |       |       |    19 |   628 |   389 |       ||  1036
       Executioner's axe |       |       |       |       |   354 |  1213 ||  1567
Invok: Heroism           |       |       |       |     5 |     9 |    22 ||    36
       Finesse           |       |       |       |     1 |     4 |    11 ||    16
       Duel              |       |       |       |       |       |     1 ||     1
Evoke: Wand              |       |       |       |       |     5 |       ||     5
       Condenser vane    |       |       |       |       |       |     1 ||     1
  Use: Scroll            |       |       |    22 |       |     9 |     7 ||    38
       Potion            |       |       |       |     1 |     3 |     6 ||    10
Armor: Scale mail        |    58 |   124 |   198 |   312 |   449 |   480 ||  1621
       Storm dragon scal |       |       |       |       |       |   114 ||   114
Dodge: Dodged            |    54 |    91 |   110 |   235 |   345 |   624 ||  1459
Block: Buckler           |    25 |    40 |    66 |   149 |    80 |       ||   360

Table legend: (Time is in decaauts)
 A = Elapsed time spent in this place.
 B = Non-inter-level travel time spent in this place.
 C = Inter-level travel time spent in this place.
 D = Time resting spent in this place.
 E = Time spent auto-exploring this place.
 F = Levels seen in this place.
 G = Mean time per level.
                   A        B        C        D        E       F      G
               +--------+--------+--------+--------+--------+-----+--------+
         Total |  34931 |  33402 |   1529 |   6360 |  21331 |  31 | 1126.8 |
       Dungeon |  17018 |  16053 |    965 |   3397 |   9618 |  15 | 1134.5 |
        Temple |    101 |     58 |     43 |      0 |     50 |   1 |  101.0 |
          Lair |   8896 |   8619 |    277 |   1632 |   5846 |   5 | 1779.2 |
     Snake Pit |   6223 |   6107 |    116 |   1128 |   4249 |   4 | 1555.8 |
  Orcish Mines |   1390 |   1264 |    126 |    117 |    868 |   2 |  695.0 |
        Bazaar |    159 |    159 |      0 |      0 |     60 |   1 |  159.0 |
       Ossuary |    270 |    270 |      0 |      0 |    153 |   1 |  270.0 |
      Ice Cave |    849 |    849 |      0 |     65 |    486 |   1 |  849.0 |
         Arena |     23 |     23 |      0 |     20 |      0 |   1 |   23.0 |
               +--------+--------+--------+--------+--------+-----+--------+

Top non-repeatable levels by time:
  Lair:5: 2561 daAuts
    D:12: 2034 daAuts
    D:14: 2015 daAuts
  Lair:3: 1840 daAuts
 Snake:2: 1767 daAuts
  Lair:4: 1730 daAuts
     D:7: 1680 daAuts
 Snake:3: 1612 daAuts
     D:8: 1581 daAuts
  Lair:2: 1442 daAuts
 Snake:4: 1424 daAuts
 Snake:1: 1419 daAuts
    D:15: 1332 daAuts
  Lair:1: 1320 daAuts
     D:9: 1306 daAuts
